 Dungeon Crawl Stone Soup version 0.28.0-47-ge53b351184 (webtiles) character file.

Game seed: 14612999671509112212

116 Cak3Hol3 the Ruffian (level 4, -2/44 HPs)
             Began as a Troll Chaos Knight on May 4, 2022.
             Was a Plaything of Xom.
             Slain by a red devil
             ... wielding a +0 trident
             ... summoned by Xom
              (12 damage)
             ... on level 2 of the Dungeon.
             The game lasted 00:04:57 (1230 turns).

Cak3Hol3 the Ruffian (Troll Chaos Knight)           Turns: 1230, Time: 00:04:58

Health: -2/44      AC:  5    Str: 22      XL:     4   Next: 70%
Magic:  3/3        EV:  9    Int:  6      God:    Xom [..*...]
Gold:   97         SH:  0    Dex:  6 (7)  Spells: 3/3 levels left

rFire   . . .      SeeInvis .     - Unarmed
rCold   . . .      Faith    .   (no shield)
rNeg    . . .      Spirit   .   a - +2 robe
rPois   .          Reflect  .   (helmet restricted)
rElec   .          Harm     .   (no cloak)
rCorr   .          Rampage  .   (gloves unavailable)
Will    .....                   (boots unavailable)
Stlth   +.........              (no amulet)
HPRegen 0.94/turn               (no ring)
MPRegen 0.08/turn               (no ring)

@: spiked
A: large, unfitting armour, claws 3, regeneration 1, shaggy fur 1, tough skin 1,
clumsy 1, deformed body, dopey 1
a: Renounce Religion


You were on level 2 of the Dungeon.
You worshipped Xom.
You were a toy of Xom.
You visited 1 branch of the dungeon, and saw 2 of its levels.

You collected 97 gold pieces.

Inventory:

Missiles
 j - 5 javelins (quivered)
Armour
 a - a +2 robe (worn)
Scrolls
 d - 3 scrolls of magic mapping {unknown}
 e - 3 scrolls of identify {unknown}
 f - a scroll of enchant weapon {unknown}
 g - a scroll of enchant armour {unknown}
 h - a scroll of noise {unknown}
 i - a scroll of teleportation {unknown}
 k - a scroll of immolation {unknown}
Potions
 b - a potion of flight {unknown}
 c - 2 potions of attraction {unknown}
 l - a potion of cancellation {unknown}
 m - a potion of heal wounds {unknown}


   Skills:
 + Level 2.9 Fighting
 + Level 2.7 Dodging
 + Level 4.5 Unarmed Combat


You had 3 spell levels left.
You didn't know any spells.
Your spell library was empty.

Dungeon Overview and Level Annotations

Branches:
Dungeon (2/15)

Altars:


Innate Abilities, Weirdness & Mutations

You are too large for most types of armour.
You have claws for hands.
Your natural rate of healing is unusually fast.
You are covered in fur. (AC +1)
You have tough skin. (AC +1)
You are clumsy. (Dex -2)
Armour fits poorly on your strangely shaped body.
You are dopey. (Int -2)


Message History

You kill the quasit!
The quasit disappears in a puff of smoke!
The ufetubus closely misses you. x2
You closely miss the ufetubus. The ufetubus hits you. x2
You closely miss the ufetubus.
The ufetubus hits you but does no damage. x2
You miss the ufetubus.
The ufetubus hits you but does no damage.
The ufetubus hits you. The ufetubus completely misses you.
The ufetubus hits you but does no damage.
You scratch the ufetubus but do no damage.
Your claw misses the ufetubus. The ufetubus hits you. x2
You miss the ufetubus. The ufetubus barely misses you.
The ufetubus hits you but does no damage.
The ufetubus barely misses you. The ufetubus hits you.
You claw the ufetubus!
You kill the ufetubus!
The ufetubus disappears in a puff of smoke!
You hear Xom's maniacal laughter.
You are now a toy of Xom.
The crimson imp closely misses you.
The red devil hits you from afar with a +0 trident!
Barbed spikes become lodged in your body.
You barely miss the crimson imp. You miss the crimson imp.
The red devil barely misses you. The crimson imp closely misses you.
You claw the crimson imp!
The crimson imp is heavily wounded.
The crimson imp hits you.
The red devil hits you from afar with a +0 trident!
Barbed spikes become lodged in your body.
You claw the crimson imp!
You kill the crimson imp!
The crimson imp disappears in a puff of smoke!
The red devil hits you from afar with a +0 trident!
* * * LOW HITPOINT WARNING * * *
Barbed spikes become lodged in your body.
The barbs in your skin will harm you if you move.
Continue?
Okay, then.
The red devil hits you from afar with a +0 trident!
You die...

.. #......#
###### #.#
#......#
#....) ..
#......#
#.....
#.###......#
#.....
..##......#
#..... .
#5##......#
###### .##
#4###'##### #
..# #.#
#.############
..# #@#
#.............
..# #§#
#.##########..
..# #.###.#
####.. ..#
#..##.# #.....
.§# ##.##.#
#..... ..#
########..#.#
#....# ..+
..........#.#
#....# ..#
########..).#
#....# ###
#.#..# #....#


You could see a red devil (summoned) and an ufetubus (summoned).

Vanquished Creatures
  Terence (D:2)
  Natasha (D:2)
  3 adders (D:2)
  A worm (D:2)
  4 dart slugs
  A ball python (D:2)
  3 endoplasms
  A giant cockroach (D:2)
  2 goblins (D:2)
  2 hobgoblins
  4 bats
  4 frilled lizards
  2 kobolds (D:2)
  3 rats
32 creatures vanquished.

Notes
Turn   | Place    | Note
-------+----------+-------------------------------------------
     0 | D:1      | Cak3Hol3 the Troll Chaos Knight began the quest for the
                  | Orb.
     0 | D:1      | Reached XP level 1. HP: 22/22 MP: 0/0
   236 | D:1      | Reached XP level 2. HP: 29/29 MP: 1/1
   236 | D:1      | XOM: divination: detect items
   577 | D:1      | XOM: silly message
   587 | D:1      | XOM is BORED!
   587 | D:1      | XOM: noise
   760 | D:2      | Reached XP level 3. HP: 36/36 MP: 2/2
   952 | D:2      | XOM: silly message
   990 | D:2      | Noticed Terence
  1000 | D:2      | Killed Terence
  1001 | D:2      | Reached skill level 4 in Unarmed Combat
  1001 | D:2      | Reached XP level 4. HP: 23/44 MP: 3/3
  1100 | D:2      | XOM: give mutations
  1100 | D:2      | Gained mutation: You are clumsy. (Dex -2) [Xom's mischief]
  1100 | D:2      | Gained mutation: You are dopey. (Int -2) [Xom's mischief]
  1100 | D:2      | Gained mutation: Armour fits poorly on your strangely
                  | shaped body. [Xom's mischief]
  1120 | D:2      | Noticed Natasha
  1125 | D:2      | Killed Natasha
  1165 | D:2      | XOM: 8-stop teleportation journey
  1197 | D:2      | XOM: summons 3 hostile demons
  1224 | D:2      | XOM: summons 3 hostile demons
  1225 | D:2      | Noticed a red devil
  1230 | D:2      | Slain by a red devil

Illustrated notes

Levels and vault maps discovered:
D:1:      psy_arrival_conway, layout_loops_ring
D:2:      layout_basic, ebering_ecumenical_altar_webs, minmay_tromino_v2,
          uniq_natasha, uniq_terence

Skill      XL: |  1  2  3 |
---------------+----------+-----
Dodging        | 2 |  2.7
Unarmed Combat | 4 |  4.5
Fighting       | |  2.9

Action                   |  1- 3 |  4- 6 || total
-------------------------+-------+-------++-------
Melee: Unarmed           |    74 |    34 ||   108
       Punch             |     2 |       ||     2
Armor: Robe              |    27 |    18 ||    45
Dodge: Dodged            |    39 |    33 ||    72
